General information
- name: BNet
- type: Ladder team game (AT/RT)
- host: Battle.net
- saver: NetRoyalty
map: MarketSquare
- players: 8
- length: 76:19
- speed: Fast
- version: 1.27 W3XP
- replay type: Public
» download(351 KB)
Players
team 1 (loser)

»
bob-the-builder (
red | 17 APM | 677 actions | 40:22)
6 Demon Hunter
2 Immolation
3 Evasion
1 Metamorphosis
5 Crypt Lord
1 Carrion Beetles
3 Spiked Carapace
1 Locust Swarm
» actions
| Assign group hotkey | 8 | |
| Basic commands | 54 | |
| Build / train | 106 | |
| ESC pressed | 8 | |
| Enter build submenu | 29 | |
| Enter hero's abilities submenu | 9 | |
| Right click | 102 | |
| Select / deselect | 195 | |
| Select group hotkey | 125 | |
| Use ability | 41 | |
677 total
» units
| Wisp | 23 | |
| Archer | 1 | |
| Huntress | 3 | |
| Hippogryph | 15 | |
| Crypt Fiend | 3 | |
| Chimaera | 4 | |
| Frost Wyrm | 11 | |
| Acolyte | 11 | |
| Ghoul | 4 | |
75 total
» upgrades
| Nature's Blessing | 1 | |
| Reinforced Hides | 3 | |
| Strength of the Wild | 3 | |
| Creature Carapace | 1 | |
| Creature Attack | 1 | |
| Well Spring | 1 | |
| Moon Armor | 1 | |
| Strength of the Moon | 1 | |
| Freezing Breath | 1 | |
| Corrosive Breath | 1 | |
14 total
» buildings
| Altar of Elders | 1 | |
| Moon Well | 9 | |
| Ancient of War | 2 | |
| Ancient of Wonders | 1 | |
| Hunter's Hall | 2 | |
| Tree of Ages | 1 | |
| Tree of Life | 1 | |
| Tree of Eternity | 1 | |
| Ancient of Wind | 2 | |
| Chimaera Roost | 2 | |
| Boneyard | 2 | |
| Crypt | 1 | |
| Ziggurat | 4 | |
| Spirit Tower | 1 | |
30 total
» build order
00:26 Altar of Elders
00:38 Moon Well
01:02 Ancient of War
01:53 Moon Well
02:15 Ancient of War
02:24 Ancient of Wonders
02:44 Moon Well
02:54 Hunter's Hall
04:16 Moon Well
05:37 Moon Well
05:44 Tree of Ages
05:56 Tree of Life
07:16 Moon Well
08:07 Tree of Eternity
08:13 Ancient of Wind
10:52 Moon Well
11:15 Chimaera Roost
11:27 Chimaera Roost
11:43 Ancient of Wind
13:25 Hunter's Hall
13:58 Boneyard
14:02 Boneyard
14:33 Moon Well
15:27 Crypt
15:31 Ziggurat
15:33 Ziggurat
15:36 Ziggurat
16:07 Moon Well
20:10 Spirit Tower
27:45 Ziggurat
likeroyalty (
blue | 90 APM | 6858 actions | 76:18)
10 Archmage
3 Summon Water Elemental
3 Brilliance Aura
1 Mass Teleport
3 Blizzard
9 Mountain King
3 Storm Bolt
3 Bash
1 Avatar
2 Thunder Clap
» actions
| Assign group hotkey | 170 | |
| Basic commands | 107 | |
| Build / train | 205 | |
| ESC pressed | 10 | |
| Enter build submenu | 52 | |
| Enter hero's abilities submenu | 21 | |
| Give item / drop item | 20 | |
| Remove unit from queue | 3 | |
| Right click | 2634 | |
| Select / deselect | 826 | |
| Select group hotkey | 2258 | |
| Use ability | 552 | |
6858 total
» units
| Peasant | 30 | |
| Footman | 6 | |
| Dragonhawk Rider | 12 | |
| Gryphon Rider | 15 | |
| Wisp | 6 | |
| Priest | 3 | |
72 total
» upgrades
| Masonry | 3 | |
| Lumber Harvesting | 1 | |
| Swords | 3 | |
| Armor | 3 | |
| Storm Hammers | 1 | |
| Animal War Training | 1 | |
| Cloud | 1 | |
| Priest Training | 2 | |
15 total
» buildings
| Altar of Kings | 1 | |
| Barracks | 1 | |
| Farm | 14 | |
| Arcane Vault | 1 | |
| Town Hall | 5 | |
| Keep | 1 | |
| Lumber Mill | 1 | |
| Scout Tower | 23 | |
| Blacksmith | 1 | |
| Castle | 5 | |
| Guard Tower | 26 | |
| Gryphon Aviary | 3 | |
| Spirit Tower | 5 | |
| Ancient Protector | 10 | |
| Arcane Sanctum | 2 | |
99 total
» build order
01:03 Altar of Kings
01:06 Barracks
01:09 Farm
01:10 Farm
01:17 Farm
01:53 Farm
02:13 Arcane Vault
02:41 Farm
04:00 Town Hall
05:09 Keep
06:25 Lumber Mill
06:29 Scout Tower
06:31 Scout Tower
06:33 Scout Tower
07:27 Blacksmith
07:31 Castle
07:31 Castle
07:31 Castle
07:33 Guard Tower
07:33 Guard Tower
07:34 Guard Tower
07:39 Gryphon Aviary
07:40 Gryphon Aviary
07:53 Guard Tower
07:54 Guard Tower
07:54 Guard Tower
08:07 Scout Tower
08:08 Scout Tower
09:03 Guard Tower
09:05 Guard Tower
11:00 Scout Tower
11:01 Scout Tower
11:02 Scout Tower
11:05 Scout Tower
11:06 Scout Tower
11:57 Guard Tower
11:57 Guard Tower
11:57 Guard Tower
12:29 Guard Tower
14:13 Guard Tower
14:13 Guard Tower
14:13 Guard Tower
14:18 Guard Tower
14:18 Guard Tower
14:28 Farm
14:30 Farm
14:36 Gryphon Aviary
16:29 Farm
16:30 Farm
18:36 Farm
18:39 Farm
19:19 Town Hall
20:18 Farm
21:53 Scout Tower
21:53 Scout Tower
21:53 Scout Tower
21:54 Scout Tower
21:55 Scout Tower
21:55 Scout Tower
21:55 Scout Tower
21:56 Scout Tower
23:01 Guard Tower
25:59 Guard Tower
25:59 Guard Tower
34:48 Town Hall
35:40 Scout Tower
35:41 Scout Tower
35:42 Scout Tower
35:47 Scout Tower
40:40 Town Hall
41:45 Spirit Tower
41:45 Spirit Tower
41:46 Spirit Tower
41:52 Ancient Protector
41:53 Ancient Protector
41:54 Ancient Protector
41:55 Ancient Protector
42:01 Ancient Protector
42:02 Ancient Protector
42:06 Ancient Protector
45:43 Ancient Protector
45:48 Ancient Protector
45:52 Ancient Protector
47:45 Farm
47:47 Farm
49:43 Arcane Sanctum
49:46 Arcane Sanctum
57:43 Town Hall
» items
| Scroll of Regeneration | 14 | |
| Mechanical Critter | 2 | |
| Potion of Invisibility | 1 | |
| Potion of Lesser Invulnerability | 3 | |
| Scroll of Town Portal | 4 | |
| Ivory Tower | 3 | |
| Periapt of Vitality | 1 | |
| Circlet of Nobility | 1 | |
| Boots of Speed | 1 | |
| Scroll of Protection | 1 | |
| Scroll of Healing | 1 | |
| Staff of Sanctuary | 1 | |
| Lesser Clarity Potion | 1 | |
| Potion of Healing | 4 | |
38 total
Newbs. (
green | 10 APM | 417 actions | 41:33)
1 Priestess of the Moon
1 Trueshot Aura
» actions
| Basic commands | 1 | |
| Build / train | 72 | |
| Enter build submenu | 17 | |
| Enter hero's abilities submenu | 1 | |
| Right click | 86 | |
| Select / deselect | 213 | |
| Use ability | 27 | |
417 total
» units
» upgrades
| Strength of the Wild | 3 | |
| Reinforced Hides | 3 | |
| Nature's Blessing | 1 | |
| Corrosive Breath | 1 | |
| Ultravision | 1 | |
| Well Spring | 1 | |
10 total
» buildings
| Ancient of Wonders | 1 | |
| Moon Well | 10 | |
| Altar of Elders | 1 | |
| Hunter's Hall | 1 | |
| Tree of Ages | 4 | |
| Tree of Eternity | 1 | |
| Ancient of Wind | 1 | |
| Chimaera Roost | 3 | |
22 total
» build order
00:28 Ancient of Wonders
00:40 Moon Well
00:54 Moon Well
01:36 Altar of Elders
02:45 Hunter's Hall
02:55 Tree of Ages
02:55 Tree of Ages
02:56 Tree of Ages
03:11 Moon Well
03:51 Moon Well
05:08 Moon Well
05:38 Tree of Eternity
05:44 Ancient of Wind
08:00 Chimaera Roost
08:03 Chimaera Roost
08:05 Chimaera Roost
11:12 Moon Well
14:04 Moon Well
15:07 Moon Well
18:07 Moon Well
18:17 Moon Well
» items

»
Escapemisery11 (
orange | 12 APM | 144 actions | 12:17)
1 Crypt Lord
1 Carrion Beetles
» actions
| Build / train | 24 | |
| Enter build submenu | 10 | |
| Enter hero's abilities submenu | 2 | |
| Right click | 43 | |
| Select / deselect | 55 | |
| Use ability | 10 | |
144 total
» units
| Acolyte | 2 | |
| Ghoul | 4 | |
| Crypt Fiend | 7 | |
13 total
» upgrades
| Creature Attack | 2 | |
| Creature Carapace | 2 | |
| Web | 1 | |
5 total
» buildings
| Altar of Darkness | 1 | |
| Crypt | 1 | |
| Ziggurat | 5 | |
| Graveyard | 1 | |
| Halls of the Dead | 1 | |
| Spirit Tower | 1 | |
| Sacrificial Pit | 1 | |
| Black Citadel | 1 | |
12 total
» build order
00:16 Altar of Darkness
00:21 Crypt
01:03 Ziggurat
03:39 Ziggurat
03:57 Graveyard
05:07 Halls of the Dead
06:55 Spirit Tower
07:13 Ziggurat
07:29 Ziggurat
07:46 Ziggurat
09:51 Sacrificial Pit
10:25 Black Citadel
team 2 (winner)
TrumpBJ (
teal | 77 APM | 4322 actions | 55:52)
8 Archmage
3 Blizzard
3 Brilliance Aura
2 Mass Teleport
6 Paladin
3 Holy Light
2 Divine Shield
1 Resurrection
5 Mountain King
3 Storm Bolt
2 Bash
» actions
| Assign group hotkey | 87 | |
| Basic commands | 161 | |
| Build / train | 186 | |
| ESC pressed | 3 | |
| Enter build submenu | 39 | |
| Enter hero's abilities submenu | 21 | |
| Give item / drop item | 14 | |
| Remove unit from queue | 3 | |
| Right click | 1267 | |
| Select / deselect | 1077 | |
| Select group hotkey | 1040 | |
| Use ability | 417 | |
4322 total
» units
| Peasant | 28 | |
| Rifleman | 6 | |
| Sorceress | 27 | |
| Siege Engine | 6 | |
| Priest | 2 | |
69 total
» upgrades
| Long Rifles | 1 | |
| Lumber Harvesting | 2 | |
| Sorceress Training | 2 | |
| Priest Training | 2 | |
| Barrage | 1 | |
| Gunpowder | 3 | |
| Plating | 3 | |
| Masonry | 3 | |
17 total
» buildings
| Altar of Kings | 1 | |
| Farm | 11 | |
| Barracks | 2 | |
| Blacksmith | 2 | |
| Lumber Mill | 2 | |
| Keep | 3 | |
| Scout Tower | 1 | |
| Guard Tower | 1 | |
| Arcane Sanctum | 2 | |
| Castle | 1 | |
| Town Hall | 4 | |
| Arcane Vault | 1 | |
| Workshop | 2 | |
| Gryphon Aviary | 1 | |
34 total
» build order
06:43 Altar of Kings
06:49 Farm
07:29 Barracks
07:32 Barracks
07:57 Blacksmith
08:20 Farm
08:26 Lumber Mill
08:59 Farm
09:40 Keep
09:41 Keep
10:11 Farm
10:50 Farm
10:58 Scout Tower
11:31 Guard Tower
11:58 Farm
12:25 Arcane Sanctum
12:30 Arcane Sanctum
13:55 Castle
14:46 Town Hall
16:41 Farm
18:48 Town Hall
19:36 Arcane Vault
19:38 Workshop
19:44 Workshop
21:16 Farm
21:56 Farm
22:01 Lumber Mill
22:07 Town Hall
23:15 Farm
25:45 Blacksmith
27:13 Gryphon Aviary
38:53 Farm
42:22 Town Hall
» items
| Periapt of Vitality | 8 | |
| Boots of Speed | 2 | |
| Staff of Teleportation | 2 | |
| Dust of Appearance | 1 | |
| Circlet of Nobility | 1 | |
| Potion of Lesser Invulnerability | 4 | |
| Scroll of Town Portal | 8 | |
| Orb of Lightning | 2 | |
| Potion of Healing | 2 | |
| Healing Salve | 1 | |
| Lesser Clarity Potion | 1 | |
| Scroll of Speed | 1 | |
| Tiny Great Hall | 1 | |
| Tome of Retraining | 1 | |
35 total
NetRoyalty (
pink | 43 APM | 3264 actions | 76:19)
10 Blademaster
3 Wind Walk
3 Critical Strike
1 Bladestorm
3 Mirror Image
» actions
| Assign group hotkey | 73 | |
| Basic commands | 472 | |
| Build / train | 100 | |
| Enter build submenu | 124 | |
| Enter hero's abilities submenu | 10 | |
| Give item / drop item | 28 | |
| Remove unit from queue | 5 | |
| Right click | 1269 | |
| Select / deselect | 627 | |
| Select group hotkey | 277 | |
| Use ability | 279 | |
3264 total
» units
| Peon | 29 | |
| Grunt | 7 | |
| Troll Batrider | 6 | |
| Wind Rider | 2 | |
44 total
» upgrades
| Reinforced Defenses | 1 | |
| Troll Regeneration | 1 | |
| Ranged Weapons | 3 | |
| Armor | 3 | |
| Liquid Fire | 1 | |
| Envenomed Spears | 1 | |
| Ensnare | 1 | |
| Melee Weapons | 3 | |
| Pillage | 1 | |
| Spiked Barricades | 3 | |
18 total
» buildings
| Orc Burrow | 7 | |
| Altar of Storms | 1 | |
| Barracks | 1 | |
| War Mill | 5 | |
| Voodoo Lounge | 5 | |
| Watch Tower | 119 | |
| Stronghold | 1 | |
| Great Hall | 7 | |
| Beastiary | 4 | |
| Fortress | 1 | |
151 total
» build order
00:12 Orc Burrow
00:48 Orc Burrow
01:09 Altar of Storms
01:11 Barracks
01:51 War Mill
02:23 Voodoo Lounge
03:01 Orc Burrow
05:11 Watch Tower
05:11 Watch Tower
05:11 Watch Tower
05:22 Stronghold
06:19 Great Hall
07:36 Great Hall
07:38 Watch Tower
07:41 Watch Tower
07:52 Watch Tower
07:54 Watch Tower
08:01 Beastiary
08:02 Beastiary
08:51 Watch Tower
08:53 Watch Tower
09:51 Fortress
10:17 Watch Tower
10:18 Watch Tower
10:18 Watch Tower
10:19 Watch Tower
14:19 War Mill
14:54 Watch Tower
14:55 Watch Tower
14:58 Watch Tower
14:59 Watch Tower
15:38 Voodoo Lounge
16:18 Great Hall
16:21 Watch Tower
16:21 Watch Tower
16:22 Watch Tower
16:22 Watch Tower
16:40 Watch Tower
16:42 Watch Tower
16:43 Watch Tower
16:45 Voodoo Lounge
19:43 Watch Tower
19:43 Watch Tower
19:44 Watch Tower
19:44 Watch Tower
19:51 Watch Tower
19:51 Watch Tower
19:52 Watch Tower
19:54 Watch Tower
19:54 Watch Tower
19:54 Watch Tower
19:56 Watch Tower
19:57 Watch Tower
20:41 Watch Tower
20:41 Watch Tower
20:43 Watch Tower
20:43 Watch Tower
20:44 Watch Tower
20:45 Watch Tower
20:50 Watch Tower
20:51 Watch Tower
20:51 Watch Tower
20:53 Beastiary
20:54 Beastiary
20:55 Watch Tower
20:56 Watch Tower
20:56 Watch Tower
20:57 Watch Tower
20:58 Watch Tower
27:33 Watch Tower
27:34 Watch Tower
29:24 Watch Tower
29:25 Watch Tower
29:25 Watch Tower
29:26 Watch Tower
29:28 Watch Tower
29:28 Watch Tower
29:29 Watch Tower
29:30 Watch Tower
29:31 Watch Tower
29:32 Watch Tower
29:33 Watch Tower
29:33 Watch Tower
29:33 Watch Tower
29:34 Watch Tower
29:35 Watch Tower
30:48 Great Hall
30:50 Watch Tower
30:51 Watch Tower
30:51 Watch Tower
30:51 Watch Tower
30:52 Watch Tower
30:53 Watch Tower
30:53 Watch Tower
30:55 Voodoo Lounge
30:55 Watch Tower
30:56 Watch Tower
30:56 Watch Tower
30:57 Watch Tower
30:59 Watch Tower
30:59 Watch Tower
31:00 Watch Tower
32:19 Great Hall
32:21 Watch Tower
32:22 Watch Tower
32:22 Watch Tower
32:22 Watch Tower
32:26 Watch Tower
32:27 Watch Tower
32:27 Watch Tower
32:27 Watch Tower
32:28 Watch Tower
32:29 Watch Tower
32:30 Watch Tower
33:39 Watch Tower
33:41 Watch Tower
33:42 Watch Tower
34:44 Watch Tower
34:44 Watch Tower
34:45 Watch Tower
34:45 Watch Tower
34:52 Voodoo Lounge
36:11 War Mill
39:06 War Mill
39:15 War Mill
41:50 Orc Burrow
41:53 Orc Burrow
41:59 Orc Burrow
42:01 Orc Burrow
46:13 Watch Tower
46:14 Watch Tower
46:16 Watch Tower
46:17 Watch Tower
47:23 Watch Tower
47:24 Watch Tower
47:24 Watch Tower
47:25 Watch Tower
48:21 Watch Tower
48:21 Watch Tower
48:23 Watch Tower
48:23 Watch Tower
48:25 Watch Tower
48:27 Watch Tower
48:27 Watch Tower
48:28 Watch Tower
48:29 Watch Tower
48:30 Watch Tower
49:52 Great Hall
51:26 Great Hall
» items
| Healing Salve | 2 | |
| Orb of Lightning | 4 | |
| Scroll of Town Portal | 5 | |
| Tiny Great Hall | 4 | |
| Periapt of Vitality | 2 | |
| Staff of Teleportation | 2 | |
19 total
77777 (
purple | 23 APM | 1736 actions | 76:18)
4 Blademaster
2 Wind Walk
2 Mirror Image
3 Far Seer
2 Feral Spirit
1 Far Sight
» actions
| Assign group hotkey | 5 | |
| Build / train | 81 | |
| Enter build submenu | 39 | |
| Enter hero's abilities submenu | 7 | |
| Give item / drop item | 1 | |
| Remove unit from queue | 4 | |
| Right click | 1026 | |
| Select / deselect | 466 | |
| Select group hotkey | 30 | |
| Use ability | 76 | |
1736 total
» units
| Peon | 14 | |
| Troll Headhunter/Berserker | 24 | |
| Shaman | 5 | |
| Troll Witch Doctor | 1 | |
| Spirit Walker | 1 | |
45 total
» upgrades
| Ranged Weapons | 3 | |
| Troll Regeneration | 1 | |
| Berserker Upgrade | 1 | |
| Shaman Training | 2 | |
| Armor | 3 | |
| Reinforced Defenses | 1 | |
| Witch Doctor Training | 1 | |
| Spirit Walker Training | 1 | |
13 total
» buildings
| War Mill | 3 | |
| Altar of Storms | 1 | |
| Orc Burrow | 13 | |
| Barracks | 2 | |
| Voodoo Lounge | 1 | |
| Watch Tower | 25 | |
| Stronghold | 2 | |
| Fortress | 2 | |
| Great Hall | 3 | |
| Spirit Lodge | 1 | |
53 total
» build order
00:20 War Mill
00:25 Altar of Storms
01:08 Orc Burrow
02:06 Orc Burrow
02:36 Barracks
03:14 Voodoo Lounge
03:19 Watch Tower
04:29 Orc Burrow
04:44 War Mill
05:20 Stronghold
05:28 Watch Tower
06:38 Barracks
06:55 Watch Tower
07:06 Watch Tower
10:03 Fortress
11:30 Great Hall
12:41 Watch Tower
12:43 Watch Tower
12:44 Watch Tower
17:28 Orc Burrow
17:29 Orc Burrow
22:56 Orc Burrow
22:57 Orc Burrow
23:00 Orc Burrow
23:01 Orc Burrow
23:02 Orc Burrow
23:02 Orc Burrow
23:14 Watch Tower
23:55 Watch Tower
23:56 Watch Tower
23:58 Watch Tower
23:59 Watch Tower
24:02 Watch Tower
24:03 Watch Tower
25:11 Great Hall
25:49 Watch Tower
25:50 Watch Tower
25:51 Watch Tower
27:54 Stronghold
28:15 Orc Burrow
28:16 Orc Burrow
28:31 Watch Tower
28:32 Watch Tower
28:33 Watch Tower
28:34 Watch Tower
30:32 Watch Tower
30:33 Watch Tower
31:52 Spirit Lodge
35:43 Fortress
36:10 Watch Tower
36:12 Watch Tower
47:36 Great Hall
49:32 War Mill
» items
Petrovich (
yellow | 23 APM | 1719 actions | 76:18)
8 Blademaster
3 Wind Walk
3 Critical Strike
1 Bladestorm
1 Mirror Image
» actions
| Basic commands | 18 | |
| Build / train | 120 | |
| Enter build submenu | 48 | |
| Enter hero's abilities submenu | 8 | |
| Give item / drop item | 2 | |
| Remove unit from queue | 3 | |
| Right click | 923 | |
| Select / deselect | 448 | |
| Use ability | 149 | |
1719 total
» units
| Peon | 17 | |
| Wind Rider | 23 | |
| Shaman | 22 | |
| Troll Batrider | 22 | |
84 total
» upgrades
| Shaman Training | 2 | |
| Armor | 3 | |
| Ranged Weapons | 3 | |
| Reinforced Defenses | 1 | |
9 total
» buildings
| Altar of Storms | 1 | |
| Orc Burrow | 10 | |
| War Mill | 1 | |
| Voodoo Lounge | 2 | |
| Stronghold | 1 | |
| Watch Tower | 26 | |
| Fortress | 1 | |
| Beastiary | 3 | |
| Spirit Lodge | 2 | |
| Great Hall | 2 | |
49 total
» build order
00:28 Altar of Storms
00:43 Orc Burrow
01:42 War Mill
01:46 Voodoo Lounge
02:56 Orc Burrow
03:00 Stronghold
03:29 Watch Tower
03:39 Watch Tower
03:57 Orc Burrow
05:29 Fortress
05:53 Beastiary
05:57 Beastiary
06:06 Beastiary
06:13 Spirit Lodge
08:15 Spirit Lodge
09:12 Orc Burrow
10:47 Orc Burrow
11:46 Great Hall
12:29 Orc Burrow
14:09 Watch Tower
15:26 Orc Burrow
16:43 Orc Burrow
21:41 Watch Tower
21:44 Watch Tower
32:23 Watch Tower
32:26 Watch Tower
32:28 Watch Tower
32:32 Great Hall
33:33 Watch Tower
33:35 Watch Tower
33:38 Watch Tower
34:02 Watch Tower
34:04 Watch Tower
34:07 Watch Tower
34:45 Watch Tower
34:48 Watch Tower
34:50 Watch Tower
35:09 Orc Burrow
35:11 Orc Burrow
35:18 Voodoo Lounge
38:44 Watch Tower
38:48 Watch Tower
38:51 Watch Tower
43:09 Watch Tower
43:13 Watch Tower
43:15 Watch Tower
44:49 Watch Tower
45:26 Watch Tower
45:29 Watch Tower
» items
| Healing Salve | 1 | |
| Lesser Clarity Potion | 6 | |
| Boots of Speed | 1 | |
| Orb of Lightning | 2 | |
| Scroll of Town Portal | 2 | |
| Potion of Healing | 1 | |
13 total
Chat log
(00:37 / All) NetRoyalty: MUMBAI BABY
(00:39 / All) NetRoyalty: we did it honey
(00:51 / Allies) 77777: teal
(00:54 / Allies) Petrovich: rush
(00:55 / Allies) NetRoyalty: I'll expo there
(01:19 / All) bob-the-builder: fags
(01:31 / All) bob-the-builder: nigs
(05:56 / Allies) NetRoyalty: goddmanit
(06:08 / Allies) NetRoyalty: fucking stun lasted like 10 secs
(06:54 / Allies) NetRoyalty: really teal
(07:45 / Allies) NetRoyalty: I need level 3 man what are you doing
(08:47 / Allies) TrumpBJ: woods plz
(12:11 / Allies) NetRoyalty: give crown please
(12:17 / All) likeroyalty: yeah we had an xp leeching noob elf scrub!
(12:20 / All) likeroyalty: steals my xp and expects items in return
(12:21 / All) likeroyalty: SAD!
(12:22 / Allies) NetRoyalty: crown please
(12:26 / Allies) NetRoyalty: purp
(12:34 / All) bob-the-builder: i was at middle first nub
(12:37 / Allies) NetRoyalty: crown?
(12:42 / All) likeroyalty: I was talking about the expos "nub"
(12:50 / Allies) TrumpBJ: get bats
(12:52 / Allies) NetRoyalty: thanx
(12:58 / All) Newbs.: Bang Bang Fire Fly
(13:06 / All) Newbs.: hush newbs
(13:09 / All) Newbs.: Secrets
(13:18 / All) Newbs.: Don't Cry
(13:25 / All) Newbs.: when It Goes Down
(13:43 / All) Newbs.: Bang Bang Fire Fly
(14:23 / All) Newbs.: Don't Cry when you get Punished into the Dirt
(14:36 / All) Newbs.: And End Up six feet deep into the SOIL
(14:47 / All) Newbs.: All full of worms
(15:00 / All) Newbs.: Blood Worms
(15:22 / All) Newbs.: Don't Cry when your flesh Expires
(15:25 / All) Newbs.: Ahahahahah
(15:42 / All) Newbs.: you will Feel The Pinch
(15:45 / All) NetRoyalty: Green you talkin to me?
(15:48 / All) NetRoyalty: You talkin to me?
(15:54 / All) NetRoyalty: There ain't nobody else here so you must be talkin to me
(16:10 / All) Newbs.: Don't Cry when your flesh Expires
(16:29 / Allies) TrumpBJ: gold plz
(16:50 / All) Newbs.: Don'
(16:54 / All) Newbs.: T Cry
(17:13 / All) Newbs.: When your flesh ends up Crying in the hospital bed
(17:19 / All) Newbs.: Don't Cry
(17:30 / All) Newbs.: BIBLE CODES SUPREMACY
(17:50 / All) Newbs.: Don't Cry when your flesh ends up in the hospital BED
(18:09 / All) likeroyalty: lmao yellow
(18:10 / All) likeroyalty: you're trash
(18:24 / All) Petrovich: aga
(18:25 / Allies) 77777: who need gold?
(18:31 / All) Newbs.: Don'
(18:55 / All) Newbs.: Don't Cry when your body flesh Ends Up In The Hospital Bed
(19:06 / All) Newbs.: Trying to Save your life
(19:18 / Allies) TrumpBJ: gold plz
(19:28 / All) TrumpBJ: blue hack my exp again
(19:36 / All) Newbs.: Don't Cry when you End Up on the Hospital Bed
(20:20 / All) Newbs.: Don't Cry when your flesh Ends Up in the Hospital Bed
(20:23 / Allies) TrumpBJ: woods plz
(20:34 / All) Newbs.: Say I Didn't Warn you
(21:01 / All) Newbs.: your flesh will be Pulled from your soul mortal
(21:10 / Allies) 77777: ty
(21:44 / All) Newbs.: your flesh will be stripped from your soul mortal
(21:56 / All) Newbs.: Don't Cry when it Goes Down
(22:15 / All) likeroyalty: LOL unupgraded burrows
(22:43 / All) Newbs.: your flesh will be pulled from your soul mortal
(22:50 / All) Newbs.: DON'T CRY
(23:29 / Allies) TrumpBJ: oops
(23:32 / Allies) TrumpBJ: need bats
(23:52 / All) NetRoyalty: lol
(24:26 / All) NetRoyalty: green = great player lol
(24:43 / All) NetRoyalty: nice repair lol
(25:56 / Allies) 77777: woods plz
(26:11 / All) NetRoyalty: lol
(26:13 / All) NetRoyalty: anti magic
(26:16 / All) NetRoyalty: why
(26:32 / All) TrumpBJ: ?
(27:12 / All) NetRoyalty: zz
(28:32 / All) NetRoyalty: lol
(28:37 / All) NetRoyalty: no hide fo u
(29:02 / All) NetRoyalty: The power of Trump compels thee
(30:08 / All) Newbs.: pink the only reason trump won is because I Am CAESAR
(30:17 / All) Newbs.: I Allowed you to WIN
(30:29 / All) Newbs.: BIBLE CODES
(30:29 / All) NetRoyalty: You're an insignificant worm
(30:40 / All) NetRoyalty: bow before my greatness
(31:03 / All) Newbs.: ISRAEL IS NUMBER ONE BIBLE CODES JUDAH POWER LION
(31:12 / All) NetRoyalty: back in the oven, jew
(31:21 / All) Newbs.: ISRAEL IS NUMBER ONE JUDAH POWER
(31:40 / All) Newbs.: POWER FROM THE LION OF THE TRIBE OF JUDAH
(31:43 / All) Newbs.: AMEN
(31:55 / All) NetRoyalty: lawl waste of
(31:57 / All) Newbs.: GO FULL SCALE FORCE MARKERS
(31:58 / All) NetRoyalty: bstorm
(32:01 / All) NetRoyalty: it wasn't quite ready
(32:06 / All) NetRoyalty: when I was pressing it
(32:18 / All) Newbs.: ISRAEL IS NUMBER ONE GO FULL SCALE FORCE MARKERS
(32:35 / All) Newbs.: POWER FROM THE LION OF THE TRIBE OF JUDAH
(32:37 / All) Newbs.: AMEN
(33:27 / All) Newbs.: POWER FROM TH LION OF THE TRIBE OF JUDAH AMEN
(33:27 / All) NetRoyalty: nice one yellow lol
(33:30 / All) Newbs.: GO ISRAEL
(33:36 / All) Newbs.: HIT STRIKE
(33:42 / All) Newbs.: BIBLE CODES
(33:55 / All) Newbs.: POWER FROM THE LION OF THE TRIBE OF JUDAH AMEN
(33:58 / All) Newbs.: ISRAEL POWER
(33:59 / All) Newbs.: GO
(34:02 / Allies) 77777: woods plz
(34:03 / All) Newbs.: GOGOGGOGOGO
(34:35 / All) Newbs.: POWER FROM THE LION OF THE TRIBE OF JUDAH ISRAEL POWER AMEN
(34:40 / Allies) 77777: woods plz
(34:41 / All) Newbs.: JUDAH POWER GO
(34:45 / All) Newbs.: HIT
(35:30 / All) Newbs.: ISRAEL POWER AMEN BIBLE CODES POWER FROM THE LION OF THE TRIBE OF JUDAH GO PROCEED
(35:33 / All) Newbs.: HIT
(35:34 / Allies) NetRoyalty: gracias
(35:34 / All) Newbs.: HIT
(35:35 / All) Newbs.: HIT
(35:36 / All) Newbs.: HIT
(35:37 / All) Newbs.: HIT
(35:38 / All) Newbs.: HIT
(35:39 / All) Newbs.: HTI
(35:42 / All) Newbs.: HIT
(35:46 / All) Newbs.: HIT
(36:01 / All) Newbs.: POWER FROM THE LION OF THE TRIBE OF JUDAH ISRAEL POWER
(36:01 / All) Newbs.: HIT
(36:02 / All) Newbs.: HIT
(36:04 / All) Newbs.: HIT
(36:06 / All) Newbs.: HIT
(36:20 / All) Newbs.: WE SHALL SEE WHO IS THE GREATEST
(36:27 / All) Newbs.: CAESAR POWER
(36:34 / All) Newbs.: CAESAR POWER
(36:38 / All) Newbs.: ISRAEL POWR
(36:44 / All) Newbs.: WE SHALL SEE
(36:53 / All) Newbs.: CAESAR ISRAEL POWER
(37:02 / All) Newbs.: WE SHALL SEE WHO IS THE BEST
(37:39 / All) Newbs.: CAESAR ISRAEL POWER WE SHALL SEE WHO IS THE BEST POWER
(37:54 / All) Newbs.: MY TWELVE TRIBES OF ISRAEL
(38:00 / All) Newbs.: ISRAEL POWER
(38:11 / All) Newbs.: WE SHALL SEE WHO IS THE BEST
(38:29 / All) Newbs.: POWER FROM THE LION OF THE TRIBE OF JUDAH AMEN
(38:34 / All) Newbs.: ISRAEL POWER
(38:41 / Allies) TrumpBJ: gold for tanks plz
(38:57 / All) Newbs.: BIBLE CODES
(39:01 / All) Newbs.: SS
(39:05 / All) Newbs.: SS
(39:08 / All) Newbs.: SS
(39:23 / All) Newbs.: POWER FROM THE LION OF THE TRIBE OF JUDAH AMEN
(39:25 / All) Newbs.: SS
(39:40 / All) Newbs.: WE SHALL SEE WHO IS THE BEST
(39:46 / All) Newbs.: ISRAEL POWER
(40:34 / All) Newbs.: POWER FROM THE LION OF THE TRIBE OF JUDAH
(40:43 / All) Newbs.: ISRAEL POWER IS NUMBER ONE AMEN
(40:46 / All) Newbs.: JUDAH
(40:52 / All) Newbs.: NUKE EM
(40:55 / All) Newbs.: NUKE EM
(40:57 / All) Newbs.: NUKE EM
(41:00 / All) Newbs.: NUKE EM
(41:05 / All) Newbs.: NUKE EM
(41:14 / All) Newbs.: NUKE EM
(43:47 / All) likeroyalty: eat shit lol
(44:45 / Allies) 77777: i need gold
(44:56 / All) TrumpBJ: .
(45:58 / All) TrumpBJ: lol
(49:28 / All) likeroyalty: it's annoying how long slow and polymorph last
(51:49 / Allies) 77777: ))))
(53:19 / Allies) 77777: pink
(53:25 / Allies) 77777: what are you doing?)
(53:39 / Allies) NetRoyalty: what does it look like I'm doing
(53:39 / Allies) Petrovich: hes pidor
(55:44 / All) TrumpBJ: lol pink hunting me
(55:50 / All) TrumpBJ: gg
(56:44 / Allies) 77777: pink we lose
(56:49 / Allies) 77777: coz you
(56:50 / Allies) NetRoyalty: that's the plan
(57:05 / All) NetRoyalty: gold
(57:34 / Allies) 77777: i have not gold
(57:37 / All) NetRoyalty: gold
(57:52 / All) NetRoyalty: kill
(58:52 / Allies) 77777: i go afk
(58:56 / Allies) 77777: you are crazy)
(58:59 / Allies) NetRoyalty: Can you do me a solid
(59:01 / Allies) NetRoyalty: and just leave?
(59:05 / Allies) NetRoyalty: it will make things easier
(59:40 / All) NetRoyalty: I thought teal already left because he gave me control lol
(60:37 / All) NetRoyalty: purp gave control too
(60:39 / All) NetRoyalty: didn't realize
(60:42 / All) NetRoyalty: attack
(61:06 / Allies) 77777: HEY
(61:37 / Allies) 77777: you play together with blue?
(61:55 / Allies) NetRoyalty: yes
(62:14 / Allies) 77777: i l report
(62:31 / Allies) NetRoyalty: That's your prerogative
(63:29 / Allies) 77777: you make us lose
(63:40 / Allies) NetRoyalty: Yep
(63:41 / Allies) NetRoyalty: That's so
(63:59 / Allies) 77777: and you will be banned
(64:10 / Allies) NetRoyalty: Doubt it
(64:13 / Allies) NetRoyalty: But you can try
(64:20 / All) NetRoyalty: Got my shit queued up, gonna take a leak
(69:55 / All) NetRoyalty: My dudes what did I miss
(70:29 / All) NetRoyalty: looks like I gotta do the dirty work myself
(71:11 / Allies) 77777: looks like you are bitch
(71:43 / All) NetRoyalty: Maybe I should report you for rude language and cussing?
(71:55 / Allies) 77777: you can
(72:13 / All) NetRoyalty: I could if I was a little bitch like you
(72:39 / All) NetRoyalty: Purple is a baby back bitch
(74:26 / All) NetRoyalty: Got anything to say for yourselves?
(74:42 / All) NetRoyalty: Any pearls of wisdom you wish to bestow upon these lowly backstabbers before I end the game?
(75:05 / All) NetRoyalty: The floor is yours, you have 30 seconds
(76:15 / All) NetRoyalty: Guess the cat got your tongue. Goodbye.